 Dungeon Crawl Stone Soup version 0.30-a0-738-g116ff8c4af (webtiles) character file.

Game seed: 1964940652088344583

24 Leeroy the Grasshopper (level 3, -1/18 HPs)
             Began as a Vine Stalker Warper on Feb 3, 2023.
             Slain by Natasha (3 damage)
             ... on level 2 of the Dungeon.
             The game lasted 00:01:55 (1073 turns).

Leeroy the Grasshopper (Vine Stalker Warper)        Turns: 1073, Time: 00:01:56

Health: -1/18      AC:  4    Str: 13    XL:     3   Next: 2%
Magic:  0/16       EV: 11    Int: 13    God:
Gold:   94         SH:  0    Dex: 15    Spells: 6/6 levels left

rFire   . . .      SeeInvis .    j - +0 whip (vamp)
rCold   . . .      Faith    .    (no shield)
rNeg    . . .      Spirit   +    b - +0 leather armour
rPois   .          Reflect  .    (no helmet)
rElec   .          Harm     .    (no cloak)
rCorr   .          Rampage  .    (no gloves)
Will    .....                    i - +0 pair of boots
Stlth   +                        (no amulet)
HPRegen 0.23/turn                f - ring of magical power
MPRegen 0.15/turn                (no ring)

@: no status effects
A: fangs 2, magic shield, antimagic bite, no potion heal 2
a: no special abilities


You were on level 2 of the Dungeon.
You visited 1 branch of the dungeon, and saw 2 of its levels.

You collected 94 gold pieces.

Inventory:

Hand Weapons
 a - a +0 falchion
 j - a +0 vampiric whip (weapon)
 l - a +0 rapier
Missiles
 d - 7 boomerangs of dispersal (quivered)
Armour
 b - a +0 leather armour (worn)
 i - a +0 pair of boots (worn)
Jewellery
 f - a ring of magical power (left hand)
Scrolls
 c - a scroll of blinking
 e - a scroll of immolation {unknown}
 h - a scroll of teleportation {unknown}
 k - a scroll of identify {unknown}
Potions
 g - 2 potions of curing {unknown}
 m - a potion of brilliance {unknown}
 n - a potion of might {unknown}


   Skills:
 - Level 1.7 Fighting
 - Level 3.0 Long Blades
 - Level 0.8 Throwing
 - Level 0.7 Armour
 + Level 1.6 Dodging
 - Level 2.1 Spellcasting
 - Level 3.0 Translocations


You had 6 spell levels left.
You didn't know any spells.
Your spell library contained the following spells:

 Spells                   Type           Power      Damage    Failure   Level
 Blink                    Tloc           18%        N/A       14%         2
 Lesser Beckoning         Tloc           18%        N/A       14%         2
 Teleport Other           Tloc           9%         N/A       28%         3
 Vhi's Electric Charge    Tloc/Air       10%        N/A       45%         3
 Manifold Assault         Tloc           9%         N/A       67%         4


Dungeon Overview and Level Annotations

Branches:
Dungeon (2/15)

Altars:

Annotations:
D:2 Natasha


Innate Abilities, Weirdness & Mutations

You have extremely sharp teeth.
When hurt, damage is shared between your health and your magic reserves.
Your bite disrupts and absorbs the magic of your enemies.
Potions cannot restore your health.


Message History

Natasha is severely wounded.
Natasha closely misses you.
You closely miss Natasha. Your bite misses Natasha.
Natasha is severely wounded.
Natasha claws you.
You are too injured to fight recklessly!
You are too injured to fight recklessly!
You are too injured to fight recklessly!
You are too injured to fight recklessly!
You are too injured to fight recklessly!
You barely miss Natasha. Your bite misses Natasha.
Natasha is severely wounded.
The crimson imp hits you. Natasha closely misses you.
You hit Natasha.
Natasha is severely wounded.
The crimson imp shouts, "Take thy face hence, thou euchred clapper-clawed mish-mash!"
The crimson imp closely misses you. Natasha claws you but does no damage.
You barely miss Natasha. Your bite misses Natasha.
Natasha is severely wounded.
The crimson imp blinks!
Natasha casts a spell.
You miss Natasha.
Natasha is severely wounded.
Natasha barely misses you.
You hit Natasha but do no damage.
Natasha is severely wounded.
Natasha claws you!
* * * LOW HITPOINT WARNING * * *
The shadow imp gestures at you. Pain shoots through your body!
* * * LOW HITPOINT WARNING * * *
You closely miss Natasha.
Natasha is severely wounded.
Natasha claws you.
* * * LOW HITPOINT WARNING * * *
The shadow imp misses you.
You hit Natasha. You bite Natasha, but do no damage.
Natasha is almost dead.
Natasha claws you.
You die...

#.........†....#
...#...##..)##.###
.........#.###...#
#..##..†...# #...#
#..#####.#.###...####
#..#
#.#..........####
#..#
#.#..............
#..#
#.#..........#.##
#..# ....###55@#### #
.... #..h# (.....#
###...## #... #..#
... ....


You could see Natasha, a crimson imp (summoned) and a shadow imp (summoned).

Vanquished Creatures
  3 ball pythons
  A hobgoblin (D:1)
  5 kobolds
  2 quokkas (D:1)
  2 bats
  3 frilled lizards (D:1)
  4 goblins (D:1)
  6 rats
26 creatures vanquished.

Notes
Turn   | Place    | Note
-------+----------+-------------------------------------------
     0 | D:1      | Leeroy the Vine Stalker Warper began the quest for the Orb.
     0 | D:1      | Reached XP level 1. HP: 11/11 MP: 4/4
   146 | D:1      | Reached XP level 2. HP: 6/15 MP: 0/6
   395 | D:1      | Found a faded altar of an unknown god.
  1027 | D:2      | Reached XP level 3. HP: 17/18 MP: 7/7
  1054 | D:2      | Noticed Natasha
  1073 | D:2      | Slain by Natasha

Illustrated notes

Levels and vault maps discovered:
D:1:      saegor_arrival_simple_d, layout_loops_ring, serial_bayou,
          serial_bayou_pond_a, serial_bayou_pond_c, serial_bayou_shore_a,
          serial_bayou_lake_a, basic_ecumenical_altar, minmay_misc_feat_encased
D:2:      layout_loops_ring, uniq_natasha

Skill      XL: |  1  2 |
---------------+-------+-----
Long Blades    | 2 3 |  3.0
Fighting       | |  1.7
Throwing       | |  0.8
Armour         | |  0.7
Dodging        | |  1.6
Spellcasting   | |  2.1
Translocations | |  3.0

Action                     || total
---------------------------++-------
  Melee: Falchion          ||    59
         Bite              ||    16
         Whip              ||    44
 Armour: Leather armour    ||    31
  Dodge: Dodged            ||    51

Table legend: (Time is in decaauts)
 A = Elapsed time spent in this place.
 B = Non-inter-level travel time spent in this place.
 C = Inter-level travel time spent in this place.
 D = Time resting spent in this place.
 E = Time spent auto-exploring this place.
 F = Levels seen in this place.
 G = Mean time per level.
                   A        B        C        D        E       F      G
               +--------+--------+--------+--------+--------+-----+--------+
         Total |   1151 |   1099 |     52 |      0 |    870 |   2 |  575.5 |
       Dungeon |   1151 |   1099 |     52 |      0 |    870 |   2 |  575.5 |
               +--------+--------+--------+--------+--------+-----+--------+

Top non-repeatable levels by time:
     D:1: 1075 daAuts
     D:2: 75 daAuts
